 Dungeon Crawl Stone Soup version 0.23.2-33-g5129a83184 (webtiles) character file.

Game seed: 11278466114268717673

700 Exodus22XD the Archer (level 7, 58/58 HPs)
             Began as a Centaur Hunter on July 1, 2019.
             Quit the game in the Ecumenical Temple.
             The game lasted 00:12:42 (4327 turns).

Exodus22XD the Archer (Centaur Hunter)              Turns: 4327, Time: 00:12:43

Health: 58/58      AC:  7    Str: 17    XL:     7   Next: 38%
Magic:  7/7        EV:  9    Int: 10    God:
Gold:   242        SH:  0    Dex:  9    Spells: 6/6 levels left

rFire    . . .     SeeInvis .   a - +2 shortbow
rCold    + . .     Gourm    .   (shield currently unavailable)
rNeg     . . .     Faith    .   s - +1 ring mail
rPois    .         Spirit   .   (no helmet)
rElec    .         Reflect  .   (no cloak)
rCorr    .         Harm     .   (no gloves)
MR       .....                  (no barding)
Stlth    ..........             (no amulet)
HPRegen  0.19/turn              o - ring of protection from cold
MPRegen  0.10/turn              (no ring)

@: very quick
A: large, hooves 3, deformed body, speed 2, tough skin 3
a: no special abilities


You were in the Ecumenical Temple.
You were not hungry.

You visited 2 branches of the dungeon, and saw 6 of its levels.
You also visited: Sewer.

You collected 242 gold pieces.

Inventory:

Hand Weapons
 a - a +2 shortbow (weapon)
 b - a +0 short sword
Missiles
 d - 36 arrows (quivered)
Armour
 s - a +1 ring mail (worn)
Jewellery
 o - a ring of protection from cold (left hand)
 p - an uncursed ring of protection from cold
Scrolls
 c - 2 scrolls of identify
 i - a scroll of remove curse
 j - a scroll of magic mapping {unknown}
 l - a scroll of enchant weapon
 m - a scroll of teleportation {unknown}
 n - 3 scrolls of amnesia {unknown}
 r - a scroll of immolation {unknown}
Potions
 e - 2 potions of brilliance {unknown}
 g - 3 potions of haste
 h - a potion of lignification {unknown}
 k - 2 potions of heal wounds
 q - 4 potions of curing {unknown}
 t - 2 potions of flight {unknown}
 u - a potion of agility {unknown}
Comestibles
 f - 9 rations


   Skills:
 + Level 3.8 Fighting
 + Level 9.6 Bows
 + Level 2.3 Armour
 + Level 2.1 Dodging
 - Level 0.4 Stealth


You had 6 spell levels left.
You didn't know any spells.
Your spell library was empty.

Dungeon Overview and Level Annotations

Branches:
Dungeon (5/15)             Temple (1/1) D:5

Altars:
Ashenzari
Dithmenos
Hepliaklqana
Kikubaaqudgha
Makhleb
Qazlal
Vehumet
Wu Jian
Xom
Yredelemnul
Zin
The Shining One
Jiyva

Shops:
D:3 *


Innate Abilities, Weirdness & Mutations

You have hooves in place of feet.
Armour fits poorly on your strangely shaped body.
You cover ground very quickly.
You have extremely tough skin. (AC +3)


Message History

There is an open door here.
You see here a long sword.
There is a staircase to the Ecumenical Temple here.
You climb downwards.
Welcome to the Ecumenical Temple!
There is a staircase back to the Dungeon here.
Found a radiant altar of Vehumet.
Found a glowing golden altar of the Shining One and a viscous altar of Jiyva.
Found a viscous altar of Jiyva.
Found two viscous altars of Jiyva.
Found an ancient bone altar of Kikubaaqudgha and a viscous altar of Jiyva.
Found a shadowy altar of Dithmenos.
Found an ornate altar of the Wu Jian Council and a stormy altar of Qazlal.
Found a viscous altar of Jiyva.
Found two viscous altars of Jiyva.
Found a basalt altar of Yredelemnul.
Found a burning altar of Makhleb and a hazy altar of Hepliaklqana.
There is a staircase back to the Dungeon here.
Done exploring.
Done exploring.
Are you sure you want to abandon this character and quit the game? (Confirm with "yes".)

###...######.######....###
#.....##..##..##..##.....##
#...###_.._#..#_.._##.....#
##...##.....##.#.....###..##
#....#_....##.###...._#...#
##..###.#_#.#..#.#_#.##...#
#...########....########..##
#......#...#....#...#......#
##..##...#..._..@.#...##..##
#...########..#.########...#
#....##.#_#.#..#.#_#.##....#
#....#_....##..##...._#....#
#...###.....##.#.....##...##
##...###_.._#.##_.._###....#
#....###..##..##..###...###
###....#####..######...##
#.....#####.####.....#


There were no monsters in sight!

Vanquished Creatures
  Sigmund (D:4)
  Eustachio (D:4)
  A big kobold (Sewer)
  A howler monkey (D:4)
  Natasha (thrice) (D:4)
  4 gnolls (D:4)
  5 adders
  A river rat (Sewer)
  An ooze (D:2)
  2 worms (D:2)
  4 dart slugs
  4 leopard geckos
  7 orcs
  A ball python (D:1)
  7 bats
  3 giant cockroaches
  7 goblins
  4 hobgoblins
  14 jackals
  A quokka (D:5)
  5 frilled lizards
  11 kobolds
  10 rats
98 creatures vanquished.

Notes
Turn   | Place    | Note
-------+----------+-------------------------------------------
     0 | D:1      | Exodus22XD the Centaur Hunter began the quest for the Orb.
     0 | D:1      | Reached XP level 1. HP: 17/17 MP: 1/1
    85 | D:1      | Reached XP level 2. HP: 24/24 MP: 2/2
   135 | D:1      | Reached skill level 6 in Bows
   769 | D:2      | Reached XP level 3. HP: 28/29 MP: 3/3
   841 | D:2      | Found a shimmering altar of Xom.
  1072 | D:2      | Found a shimmering altar of Xom.
  1072 | D:2      | Found a shimmering altar of Xom.
  1084 | D:2      | Found a shimmering altar of Xom.
  1137 | D:2      | Found a shimmering altar of Xom.
  1137 | D:2      | Found a shimmering altar of Xom.
  1141 | D:2      | Found a shimmering altar of Xom.
  1200 | D:2      | Found a shimmering altar of Xom.
  1308 | D:2      | Reached XP level 4. HP: 33/37 MP: 4/4
  1369 | D:2      | Found a shimmering altar of Xom.
  1457 | D:2      | Found a shimmering altar of Xom.
  1457 | D:2      | Found a shimmering altar of Xom.
  1795 | D:3      | Found Zin's Purification Station.
  1800 | D:3      | Found a glowing silver altar of Zin.
  1922 | D:3      | Reached skill level 1 in Armour
  1966 | D:3      | Reached skill level 7 in Bows
  2458 | D:3      | Found a glowing drain.
  2463 | Sewer    | Entered a sewer
  2552 | Sewer    | Noticed a big kobold
  2564 | Sewer    | Killed a big kobold
  2564 | Sewer    | Reached XP level 5. HP: 30/45 MP: 5/5
  2612 | Sewer    | Found a white marble altar of Elyvilon.
  2916 | D:4      | Noticed Sigmund
  2917 | D:4      | Noticed Natasha
  2999 | D:4      | Killed Natasha
  2999 | D:4      | Reached skill level 8 in Bows
  3001 | D:4      | Reached XP level 6. HP: 17/51 MP: 6/6
  3039 | D:4      | Killed Sigmund
  3039 | D:4      | Reached skill level 9 in Bows
  3362 | D:4      | Found a shattered altar of Ashenzari.
  3436 | D:4      | Noticed Eustachio
  3460 | D:4      | Killed Eustachio
  3460 | D:4      | Reached XP level 7. HP: 56/58 MP: 7/7
  3542 | D:4      | Noticed Natasha
  3557 | D:4      | Killed Natasha
  4026 | D:4      | Noticed Natasha
  4035 | D:4      | Killed Natasha
  4075 | D:5      | Entered Level 5 of the Dungeon
  4172 | D:5      | Found a staircase to the Ecumenical Temple.
  4178 | Temple   | Entered the Ecumenical Temple
  4327 | Temple   | Quit the game

Skill      XL: |  1  2  3  4  5  6 |
---------------+-------------------+-----
Bows           | 6 7 8 9 |  9.6
Armour         | 1 2 |  2.3
Fighting       | 3 |  3.8
Dodging        | 2 |  2.1
Stealth        | |  0.4

Action                   |  1- 3 |  4- 6 |  7- 9 || total
-------------------------+-------+-------+-------++-------
Melee: Short sword       |    87 |    33 |       ||   120
       Kick              |    14 |    12 |       ||    26
 Fire: Shortbow          |    59 |   149 |    48 ||   256
  Use: Scroll            |       |     5 |       ||     5
       Potion            |       |     1 |       ||     1
  Eat: Chunk             |       |     6 |       ||     6
       Ration            |       |       |     1 ||     1
Armor: Leather armour    |    46 |    24 |       ||    70
       Ring mail         |       |    27 |    14 ||    41
Dodge: Dodged            |    73 |    58 |    12 ||   143
